 Dungeon Crawl Stone Soup version 0.27-a0-1272-g7c8ad2e407 (webtiles) character file.

Game seed: 9611788486266597543

168 DeathSun the Cudgeller (level 5, -4/32 HPs)
             Began as a Gargoyle Fighter on June 11, 2021.
             Was a Follower of Qazlal.
             Splashed by a jelly's acid (8 damage)
             ... on level 3 of the Dungeon.
             The game lasted 00:03:34 (2409 turns).

DeathSun the Cudgeller (Gargoyle Fighter)           Turns: 2409, Time: 00:03:35

Health: -4/32      AC: 12    Str: 20    XL:     5   Next: 49%
Magic:  6/6        EV:  3    Int:  9    God:    Qazlal [*.....]
Gold:   113        SH: 10    Dex:  9    Spells: 4/4 levels left

rFire    . . .     SeeInvis .   m - +0 morningstar
rCold    . . .     Faith    .   c - +0 kite shield
rNeg     + . .     Spirit   .   k - +0 plate armour
rPois    ∞         Reflect  .   (no helmet)
rElec    +         Harm     .   n - +0 cloak
rCorr    .         Rampage  .   (no gloves)
Will     .....                  (no boots)
Stlth    ..........             (no amulet)
HPRegen  0.10/turn              (no ring)
MPRegen  0.10/turn              (no ring)

@: corroded
A: sickness immunity, AC +4, negative energy resistance 1, electricity
resistance, torment resistance 1, petrification resistance
a: Renounce Religion


You were on level 3 of the Dungeon.
You worshipped Qazlal.
Qazlal was aware of your devotion.
You visited 1 branch of the dungeon, and saw 3 of its levels.

You collected 113 gold pieces.

Inventory:

Hand Weapons
 a - a +0 flail
 m - a +0 morningstar (weapon)
Armour
 b - a +0 scale mail
 c - a +0 kite shield (worn)
 k - a +0 plate armour (worn)
 n - a +0 cloak (worn)
Scrolls
 e - 3 scrolls of identify {unknown}
 g - a scroll of brand weapon {unknown}
 i - a scroll of fear {unknown}
 l - a scroll of immolation {unknown}
 o - a scroll of teleportation {unknown}
Potions
 d - a potion of might
 f - 2 potions of haste {unknown}
 h - a potion of ambrosia {unknown}
 j - a potion of lignification {unknown}


   Skills:
 - Level 3.2 Fighting
 * Level 5.0 Maces & Flails
 - Level 3.2 Armour
 - Level 3.2 Shields
 + Level 2.1 Invocations


You had 4 spell levels left.
You didn't know any spells.
Your spell library contained the following spells:

 Spells                   Type           Power      Damage    Failure   Level
 Animate Skeleton         Necr           0%         N/A       100%        1
 Corona                   Hex            0%         N/A       100%        1
 Pain                     Necr           0%         1d4       100%        1
 Ensorcelled Hibernation  Hex/Ice        0%         N/A       100%        2
 Confusing Touch          Hex            0%         N/A       100%        3
 Dazzling Flash           Conj/Hex       0%         N/A       100%        3
 Tukima's Dance           Hex            0%         N/A       100%        3
 Vampiric Draining        Necr           0%         2d6       100%        3
 Animate Dead             Necr           0%         N/A       100%        4
 Agony                    Necr           0%         N/A       100%        5


Dungeon Overview and Level Annotations

Branches:
Dungeon (3/15)

Altars:
Hepliaklqana
Qazlal

Shops:
D:1 *


Innate Abilities, Weirdness & Mutations

You are immune to sickness and miasma.
Your stone body is resilient. (AC +4)
You are immune to poison.
You resist negative energy. (rN+)
You are resistant to electric shocks. (rElec)
You are resistant to unholy torment.
You are immune to petrification.


Message History

Reactivating autopickup.
You feel a bit more experienced.
Your Maces & Flails skill increases to level 5!
You barely miss the orc. The orc hits you with a +0 flail.
* * * LOW HITPOINT WARNING * * *
You block the orc's attack.
You sock the orc!
You kill the orc!
Qazlal accepts your kill.
Items here: ( )) [[ ††.
You start resting.
HP restored.
You see here a +0 hand axe.
Items here: )) [ ÷.
You now have 113 gold pieces (gained 12).
You open the door.
There is an open door here.
A jelly comes into view.
The jelly quivers.
A jelly is nearby!
A jelly is nearby!
A jelly is nearby!
A jelly is nearby!
A jelly is nearby!
You hit the jelly.
Your hands burn!
The jelly is lightly wounded.
The jelly hits you but does no damage.
You sock the jelly!
Your hands burn!
The jelly is severely wounded.
The jelly hits you. The acid corrodes you!
You are splashed with acid!
The jelly hits you. The acid corrodes you!
You are splashed with acid!
* * * LOW HITPOINT WARNING * * *
You are too injured to fight recklessly!
You hit the jelly but do no damage. The acid corrodes you!
Your hands burn!
* * * LOW HITPOINT WARNING * * *
The jelly is severely wounded.
The jelly hits you.
* * * LOW HITPOINT WARNING * * *
You are splashed with acid!
You die...

#.# #.##.......#
#............ #.#
#.####.##### #.........###
#.#
#......##########......###
#.#
######............÷.......
#.#
#...########.....########
#.# #...# #..J..# #.#
#...# #.....#
#.######...########.....#
#......)...'...@J.......#
########...##############
#...######## #...)......##
#...))......#
###.........# #.........#
#.........# #.........#


You could see a jelly.

Vanquished Creatures
  A phantom (D:3)
  An orc priest (D:3)
  An orc wizard (D:3)
  2 adders (D:2)
  3 orcs (D:3)
  2 giant cockroaches (D:1)
  2 goblins (D:2)
  3 hobgoblins
  2 jackals (D:1)
  2 kobolds (D:2)
  2 quokkas
  2 ball pythons
  2 bats
  A frilled lizard (D:2)
  3 rats
29 creatures vanquished.

Notes
Turn   | Place    | Note
-------+----------+-------------------------------------------
     0 | D:1      | DeathSun the Gargoyle Fighter began the quest for the Orb.
     0 | D:1      | Reached XP level 1. HP: 14/14 MP: 1/1
   125 | D:1      | Found Ymyerato's Assorted Antiques.
   180 | D:1      | Reached XP level 2. HP: 19/19 MP: 2/2
   803 | D:2      | Reached skill level 3 in Maces & Flails
   936 | D:2      | Found a hazy altar of Hepliaklqana.
  1064 | D:2      | Reached XP level 3. HP: 14/23 MP: 3/3
  1213 | D:2      | Noticed a shining eye
  1215 | D:2      | Found a faded altar of an unknown god.
  1217 | D:2      | Noticed a golden eye
  1217 | D:2      | Noticed a shining eye
  1217 | D:2      | Noticed a great orb of eyes
  1734 | D:2      | Became a worshipper of Qazlal Stormbringer
  1734 | D:2      | Reached * piety under Qazlal
  1989 | D:3      | Noticed a phantom
  1996 | D:3      | Killed a phantom
  1997 | D:3      | Reached skill level 4 in Maces & Flails
  1997 | D:3      | Reached skill level 1 in Invocations
  1997 | D:3      | Reached XP level 4. HP: 28/28 MP: 3/5
  1997 | D:3      | Reached XP level 5. HP: 32/32 MP: 3/6
  2134 | D:3      | Reached skill level 5 in Maces & Flails
  2409 | D:3      | Splashed by a jelly's acid

Illustrated notes

Levels and vault maps discovered:
D:1:      dpeg_arrival_tiny_g, layout_loops_ring, serial_shops,
          nicolae_shop_window_shopping
D:2:      layout_loops_cross, basic_altar,
          hellmonk_ecumenical_altar_watching_god
D:3:      layout_basic

Skill      XL: |  1  2  3  4  5 |
---------------+----------------+-----
Maces & Flails | 3 4 5 |  5.0
Invocations    | 1 2 |  2.1
Fighting       | |  3.2
Armour         | |  3.2
Shields        | |  3.2

Action                   |  1- 3 |  4- 6 || total
-------------------------+-------+-------++-------
Melee: Flail             |    92 |       ||    92
       Morningstar       |    26 |    24 ||    50
Armor: Scale mail        |    33 |       ||    33
       Plate armour      |    57 |    20 ||    77
Dodge: Dodged            |    31 |     1 ||    32
Block: Kite shield       |    74 |    19 ||    93

Table legend: (Time is in decaauts)
 A = Elapsed time spent in this place.
 B = Non-inter-level travel time spent in this place.
 C = Inter-level travel time spent in this place.
 D = Time resting spent in this place.
 E = Time spent auto-exploring this place.
 F = Levels seen in this place.
 G = Mean time per level.
                   A        B        C        D        E       F      G
               +--------+--------+--------+--------+--------+-----+--------+
         Total |   2479 |   2432 |     47 |    724 |   1323 |   3 |  826.3 |
       Dungeon |   2479 |   2432 |     47 |    724 |   1323 |   3 |  826.3 |
               +--------+--------+--------+--------+--------+-----+--------+

Top non-repeatable levels by time:
     D:2: 1210 daAuts
     D:1: 816 daAuts
     D:3: 452 daAuts
